 Dungeon Crawl Stone Soup version 0.24.0-123-gd5b16e6ec5 (webtiles) character file.

Game seed: 5020974499835070808, levelgen mode: deterministic

151 Amplified the Sneak (level 5, -1/26 HPs)
             Began as a Spriggan Assassin on Feb 4, 2020.
             Killed from afar by an orc wizard (9 damage)
             ... with a puff of frost
             ... on level 3 of the Dungeon.
             The game lasted 00:03:12 (1493 turns).

Amplified the Sneak (Spriggan Assassin)             Turns: 1493, Time: 00:03:13

Health: -1/26      AC:  4    Str:  6 (7)  XL:     5   Next: 11%
Magic:  6/6        EV: 19    Int:  9 (12) God:
Gold:   93         SH:  0    Dex: 16 (19) Spells: 4/4 levels left

rFire    . . .     SeeInvis +   o - +1 dagger (speed)
rCold    . . .     Gourm    .   (shield restricted)
rNeg     . . .     Faith    .   b - +0 robe
rPois    +         Spirit   .   (helmet restricted)
rElec    .         Reflect  .   g - +0 cloak
rCorr    .         Harm     .   (gloves unavailable)
MR       +....                  (boots unavailable)
Stlth    ++++......             (no amulet)
HPRegen  0.08/turn              n - ring of protection from magic
MPRegen  0.10/turn              i - ring of poison resistance

@: very quick
A: very small, unfitting armour, see invisible, herbivore, speed 3, mutation
resistance 1, shaggy fur 1, slow metabolism 2
a: no special abilities


You were on level 3 of the Dungeon.
You were not hungry.

You visited 1 branch of the dungeon, and saw 3 of its levels.

You collected 93 gold pieces.

Inventory:

Hand Weapons
 a - a +2 dagger
 j - a +0 short sword
 l - a +1 dagger of speed
 o - a +1 dagger of speed (weapon)
Missiles
 d - 2 poisoned darts (quivered)
 e - 2 curare-tipped darts
Armour
 b - a +0 robe (worn)
 c - a +0 cloak
 g - a +0 cloak (worn)
Jewellery
 i - a ring of poison resistance (right hand)
 n - a ring of protection from magic (left hand)
Scrolls
 h - a scroll of amnesia
Comestibles
 f - 3 rations


   Skills:
 + Level 2.1 Fighting
 * Level 3.5 Short Blades
 - Level 2.0 Throwing
 * Level 4.2 Dodging
 * Level 7.1 Stealth


You had 4 spell levels left.
You didn't know any spells.
Your spell library was empty.

Dungeon Overview and Level Annotations

Branches:
Dungeon (3/15)

Altars:


Innate Abilities, Weirdness & Mutations

You are very small and have problems with some larger weapons.
You are too small for most types of armour.
You have supernaturally acute eyesight. (SInv)
You are a herbivore.
You cover ground extremely quickly.
You need to consume almost no food.
You are somewhat resistant to further mutation.
You are covered in fur. (AC +1)


Message History

Throwing (i - inventory. (/) - cycle)
d - a poisoned dart (quivered)
Press: ? - help, Shift-Dir - straight line, f/p - orc
Aim: an orc, wielding a +0 flail and wearing a +0 scale mail (poisoned)
You throw a poisoned dart.
The poisoned dart closely misses the orc.
The poisoned dart hits the orc.
The orc looks even sicker.
The orc barely misses you.
You hit the orc.
The orc is moderately wounded.
The orc hits you with a +0 whip.
You barely miss the orc.
The orc is moderately wounded.
You aren't carrying any potions.
Unknown command.
Okay, then.
You see here 2 poisoned darts.
d - 2 poisoned darts The orc wizard points at you and mumbles some strange words.
The puff of frost hits you!
You die...

#.##..# ...
##################
..###.# #.#
#.................
#####.. #.#
#.################
....# #.# #.#
....r #.# #.#
......###.###.#
.....>........#
##'###.#...#####
#......o.lo.@.#
#..##.#.#.###o# #.
...#.#.# #o# #
......#.###.#
########.(..(#
#######


You could see an orc wizard, 3 orcs and a frilled lizard.

Vanquished Creatures
  An ice beast (D:3)
  A worm (D:2)
  A dart slug (D:1)
  5 leopard geckos
  3 bats
  4 giant cockroaches
  5 hobgoblins
  2 jackals (D:1)
  5 kobolds
  3 frilled lizards
  6 goblins
  10 rats
46 creatures vanquished.

Notes
Turn   | Place    | Note
-------+----------+-------------------------------------------
     0 | D:1      | Amplified the Spriggan Assassin began the quest for the
                  | Orb.
     0 | D:1      | Reached XP level 1. HP: 10/10 MP: 2/2
    77 | D:1      | Reached skill level 6 in Stealth
   184 | D:1      | Reached XP level 2. HP: 14/14 MP: 3/3
   799 | D:1      | Reached XP level 3. HP: 18/18 MP: 4/4
  1224 | D:2      | Gained mutation: You are covered in fur. (AC +1) [potion of
                  | mutation]
  1224 | D:2      | Gained mutation: You are somewhat resistant to further
                  | mutation. [potion of mutation]
  1288 | D:3      | Noticed an ice beast
  1304 | D:3      | Killed an ice beast
  1304 | D:3      | Reached skill level 7 in Stealth
  1304 | D:3      | Reached XP level 4. HP: 23/23 MP: 5/5
  1304 | D:3      | Reached XP level 5. HP: 26/26 MP: 6/6
  1493 | D:3      | Killed from afar by an orc wizard

Levels and vault maps discovered:
D:1:      dpeg_arrival_more_subterranean_lakeside_camping, layout_basic
D:2:      layout_rooms, lemuel_coloured_pillars_altar, palyth_stone_intersect,
          grunt_ministairs_3
D:3:      layout_basic

Skill      XL: |  1  2  3 |
---------------+----------+-----
Stealth        | 6 7 |  7.1
Dodging        | 2 4 |  4.2
Fighting       | 2 |  2.1
Short Blades   | 3 |  3.5
Throwing       | |  2.0

Action                   |  1- 3 |  4- 6 || total
-------------------------+-------+-------++-------
Melee: Dagger            |   118 |    25 ||   143
Throw: Dart              |     6 |     6 ||    12
  Use: Scroll            |     2 |       ||     2
       Potion            |     2 |     2 ||     4
 Stab: Sleeping          |    18 |     1 ||    19
Armor: Robe              |     9 |       ||     9
Dodge: Dodged            |    64 |    10 ||    74
